 Dungeon Crawl Stone Soup version 0.29.1-13-g9f3cf754e1 (webtiles) character file.

Game seed: 14945816733755309419

227 Peloso the Covered (level 5, 0/47 HPs)
             Began as a Minotaur Fighter on Jan 21, 2023.
             Slain by Robin
             ... wielding a +6 trident of venom
              (4 damage)
             ... on level 3 of the Dungeon.
             The game lasted 00:06:25 (2584 turns).

Peloso the Covered (Minotaur Fighter)               Turns: 2584, Time: 00:06:26

Health: 0/47       AC: 12    Str: 21    XL:     5   Next: 70%
Magic:  4/4        EV:  7    Int:  5    God:
Gold:   137        SH:  5    Dex: 11    Spells: 4/4 levels left

rFire   . . .      SeeInvis .   a - +0 long sword
rCold   . . .      Faith    .   d - +0 buckler
rNeg    . . .      Spirit   .   j - +1 chain mail
rPois   .          Reflect  .   (helmet restricted)
rElec   .          Harm     .   (no cloak)
rCorr   +          Rampage  .   (no gloves)
Will    .....                   e - +0 pair of boots
Stlth   ..........              (no amulet)
HPRegen 0.15/turn               l - ring of resist corrosion
MPRegen 0.09/turn               (no ring)

@: lethally poisoned (0 -> -11)
A: horns 2, retaliatory headbutt
a: no special abilities


You were on level 3 of the Dungeon.
You visited 1 branch of the dungeon, and saw 3 of its levels.

You collected 137 gold pieces.

Inventory:

Hand Weapons
 a - a +0 long sword (weapon)
 c - a +0 short sword
Armour
 b - a +0 scale mail
 d - a +0 buckler (worn)
 e - a +0 pair of boots (worn)
 j - a +1 chain mail (worn)
Jewellery
 l - a ring of resist corrosion (left hand)
Wands
 o - a wand of polymorph (6)
Scrolls
 k - a scroll of identify {unknown}
 m - a scroll of amnesia {unknown}
 p - 2 scrolls of enchant weapon {unknown}
 q - a scroll of teleportation
 r - a scroll of enchant armour
Potions
 f - a potion of might
 g - a potion of degeneration
 h - 3 potions of magic {unknown}
 i - a potion of heal wounds {unknown}
 n - a potion of curing


   Skills:
 + Level 4.5 Fighting
 + Level 4.4 Long Blades
 + Level 5.0 Armour
 + Level 0.9 Dodging
 + Level 0.5 Stealth
 + Level 4.7 Shields


You had 4 spell levels left.
You didn't know any spells.
Your spell library was empty.

Dungeon Overview and Level Annotations

Branches:
Dungeon (3/15)

Altars:

Shops:
D:2 [

Annotations:
D:3 Robin


Innate Abilities, Weirdness & Mutations

You have a pair of horns on your head.
You reflexively headbutt those who attack you in melee.


Message History

You closely miss the hobgoblin. You headbutt the hobgoblin.
You kill the hobgoblin!
Robin hits you but does no damage.
You are poisoned.
You feel very sick. Robin hits you but does no damage.
You are more poisoned.
You hit Robin.
Robin is moderately wounded.
You feel very sick. Robin hits you but does no damage.
Robin hits you with a +6 trident of venom!
You barely miss Robin.
Robin is lightly wounded.
You feel very sick.
Robin hits you with a +6 trident of venom.
You hit Robin but do no damage. Your headbutt misses Robin.
Robin is lightly wounded.
You feel very sick. Robin barely misses you.
You hit Robin but do no damage.
Robin is lightly wounded.
You feel sick. Robin barely misses you. You furiously retaliate!
You headbutt Robin. You hit Robin.
Robin is severely wounded.
You feel sick.
Robin hits you with a +6 trident of venom.
* * * LOW HITPOINT WARNING * * *
Robin drinks a potion.
Robin is healed!
You hit Robin. You headbutt Robin.
Robin is heavily wounded.
You feel sick. Robin hits you but does no damage.
You are lethally poisoned!
You hit Robin.
Robin is severely wounded.
* * * LOW HITPOINT WARNING * * *
You feel very sick.
Robin hits you with a +6 trident of venom.
You die...

#..#[ .. #. #..
.## .##...
.....####...<
#.#.#....#
...#....##### #
#.#.........
#.#).....#####
#.#)<)...#
#####.#@.)#.##
......g.#.#.#
.#####..#.#.####
##.........
#.....#...
#.......$.
#.#.......
#gg...#.......
#..##.........


You could see Robin.

Vanquished Creatures
  A jelly (D:2)
  Jessica (D:2)
  Natasha (thrice) (D:2)
  5 adders (D:2)
  A dart slug (D:2)
  5 ball pythons
  A bat (D:1)
  4 endoplasms
  A giant cockroach (D:1)
  11 goblins
  5 hobgoblins
  6 jackals
  2 kobolds (D:1)
  A quokka (D:2)
  3 frilled lizards (D:2)
  A rat (D:1)
51 creatures vanquished.

Vanquished Creatures (others)
  4 toadstools (D:1)
4 creatures vanquished.

Grand Total: 55 creatures vanquished

Notes
Turn   | Place    | Note
-------+----------+-------------------------------------------
     0 | D:1      | Peloso the Minotaur Fighter began the quest for the Orb.
     0 | D:1      | Reached XP level 1. HP: 19/19 MP: 0/0
   420 | D:1      | Reached XP level 2. HP: 27/27 MP: 1/1
   433 | D:1      | Found a faded altar of an unknown god.
  1203 | D:2      | Reached XP level 3. HP: 32/33 MP: 2/2
  1255 | D:2      | Reached skill level 4 in Armour
  1296 | D:2      | Noticed Jessica
  1306 | D:2      | Killed Jessica
  1307 | D:2      | Reached XP level 4. HP: 40/40 MP: 3/3
  1590 | D:2      | Noticed Natasha
  1599 | D:2      | Killed Natasha
  1644 | D:2      | Noticed Natasha
  1665 | D:2      | Killed Natasha
  1666 | D:2      | Reached XP level 5. HP: 41/47 MP: 4/4
  1921 | D:2      | Noticed Natasha
  1931 | D:2      | Killed Natasha
  1932 | D:2      | Reached skill level 5 in Armour
  2054 | D:2      | Found Wunlo's Armour Emporium.
  2443 | D:3      | Noticed Robin
  2584 | D:3      | Slain by Robin

Illustrated notes

Levels and vault maps discovered:
D:1:      ldierk_walled_garden_2, layout_basic,
          hellmonk_ecumenical_altar_lost_god
D:2:      layout_basic, serial_shops, nicolae_shop_hallway_plus,
          reono_crystal_passage, uniq_jessica, uniq_natasha
D:3:      layout_rooms, kennysheep_another_room, uniq_terence, uniq_robin,
          uniq_ijyb

Skill      XL: |  1  2  3  4  5 |
---------------+----------------+-----
Shields        | 4 |  4.7
Fighting       | 4 |  4.5
Armour         | 4 5 |  5.0
Long Blades    | 3 4 |  4.4
Dodging        | |  0.9
Stealth        | |  0.5

Action                   |  1- 3 |  4- 6 || total
-------------------------+-------+-------++-------
Melee: Long sword        |    62 |   119 ||   181
       Headbutt          |     6 |    14 ||    20
  Use: Scroll            |     3 |       ||     3
       Potion            |     1 |       ||     1
Armor: Chain mail        |    50 |    89 ||   139
       Scale mail        |     2 |       ||     2
       Skin              |     5 |     5 ||    10
Dodge: Dodged            |    27 |    46 ||    73
Block: Buckler           |    12 |    35 ||    47
